 Dungeon Crawl Stone Soup version 0.30-a0-297-g0ec75d9ef4 (webtiles) character file.

Game seed: 2620700181317974567

94 Sobieck the Digger (level 4, -6/33 HPs)
             Began as a Ghoul Earth Elementalist on Oct 19, 2022.
             Splashed by a jelly's acid (8 damage)
             ... on level 2 of the Dungeon.
             The game lasted 00:04:27 (2049 turns).

Sobieck the Digger (Ghoul Earth Elementalist)       Turns: 2049, Time: 00:04:27

Health: -6/33      AC: -1    Str: 11    XL:     4   Next: 63%
Magic:  2/7        EV: 12    Int: 12    God:
Gold:   33         SH:  0    Dex:  9    Spells: 4/8 levels left

rFire   . . .      SeeInvis .    (no weapon)
rCold   + . .      Faith    .    (no shield)
rNeg    + + +      Spirit   .    a - +0 robe
rPois   ∞          Reflect  .    (no helmet)
rElec   .          Harm     .    (no cloak)
rCorr   .          Rampage  .    (no gloves)
Will    .....                    w - +0 pair of boots
Stlth   ++........               (no amulet)
HPRegen 0.00/turn                (no ring)
MPRegen 0.10/turn                (no ring)

@: corroded, inhibited regen
A: claws 1, cold resistance 1, negative energy resistance 3, inhibited
regeneration, torment resistance 2, devour on kill
a: no special abilities


You were on level 2 of the Dungeon.
You visited 1 branch of the dungeon, and saw 2 of its levels.

You collected 33 gold pieces.


Innate Abilities, Weirdness & Mutations

You are immune to poison.
You have sharp fingernails.
Your flesh is cold resistant. (rC+)
You are immune to negative energy. (rN+++)
You do not regenerate when monsters are visible.
You are immune to unholy pain and torment.
You thrive by killing the living.


   Skills:
 - Level 1.7 Dodging
 - Level 2.1 Stealth
 + Level 2.9 Spellcasting
 + Level 1.1 Conjurations
 - Level 0.8 Transmutations
 + Level 4.3 Earth Magic


You had 4 spell levels left.
You knew the following spells:

 Your Spells              Type           Power      Damage    Failure   Level
a - Sandblast             Erth           24%        2d8       4%          1
b - Stone Arrow           Conj/Erth      16%        3d8       24%         3

Your spell library contained the following spells:

 Spells                   Type           Power      Damage    Failure   Level
 Passwall                 Tmut/Erth      6%         N/A       13%         2
 Petrify                  Tmut/Erth      8%         N/A       63%         4

Inventory:

Hand Weapons
 c - a +0 club {mace}
   (You took it off a kobold on level 1 of the Dungeon)
 d - a +0 hand axe {axe}
   (You found it on level 1 of the Dungeon)
 k - a +0 dagger {short}
   (You took it off a kobold on level 1 of the Dungeon)
 l - a +0 club {mace}
   (You took it off a goblin on level 1 of the Dungeon)
 m - a +0 club {mace}
   (You took it off a goblin on level 1 of the Dungeon)
 n - a +0 short sword {short}
   (You took it off a kobold on level 1 of the Dungeon)
 r - a +0 short sword {short}
   (You took it off a kobold on level 1 of the Dungeon)
 x - a +0 dagger {short}
   (You found it on level 2 of the Dungeon)
 A - a +0 hand axe {axe}
   (You found it on level 2 of the Dungeon)
 B - a +0 club {mace}
   (You took it off a goblin on level 2 of the Dungeon)
 C - a +0 hand axe {axe}
   (You found it on level 2 of the Dungeon)
 D - a +0 short sword {short}
   (You took it off a kobold on level 2 of the Dungeon)
 E - a +0 short sword {short}
   (You took it off a kobold on level 2 of the Dungeon)
 F - a +0 club {mace}
   (You took it off a kobold on level 2 of the Dungeon)
 G - a +0 club {mace}
   (You took it off a kobold on level 2 of the Dungeon)
 H - a +0 club {mace}
   (You took it off a kobold on level 2 of the Dungeon)
 I - a +0 club {mace}
   (You took it off a kobold on level 2 of the Dungeon)
 J - a +0 whip {mace}
   (You took it off a kobold on level 2 of the Dungeon)
 K - a +0 club {mace}
   (You took it off a kobold on level 2 of the Dungeon)
Missiles
 f - 2 poisoned darts {throwing}
 s - 12 stones {throwing}
Armour
 a - a +0 robe (worn)
 i - a +0 leather armour
   (You found it on level 1 of the Dungeon)
 j - a +0 ring mail
   (You found it on level 1 of the Dungeon)
 w - a +0 pair of boots (worn)
   (You found it on level 2 of the Dungeon)
 z - a +0 leather armour
   (You found it on level 2 of the Dungeon)
Scrolls
 g - 3 scrolls of identify {unknown}
 h - a scroll of magic mapping {unknown}
 p - a scroll of noise {unknown}
 t - 2 scrolls of teleportation {unknown}
 v - a scroll of torment {unknown}
 y - a scroll of enchant weapon {unknown}
Potions
 b - a potion of magic
 e - 3 potions of flight {unknown}
 o - a potion of attraction {unknown}
 q - 3 potions of curing {unknown}
 u - 2 potions of invisibility {unknown}

Dungeon Overview and Level Annotations

Branches:
Dungeon (2/15) Zot: 9916

Altars:
Gozag

#.###.#.....###...##.#####.......
....#.#.....................<#.##
...............#############.....
###...#.######## ###### #.....
#####.#.# ######## #÷....÷ ###.##
........###......##'J..PPP #.....
....#.#.##.......#.# #.#...
....#...'........#J# #.#...
....#...'.......@#J# #.#..#
....#.#.'......#J#J# #.#..#
...^#.#.##.....#J#.# #.#...
........###....#J#.# #.#..#
......#.# #######.## #....#
......#.###### ### ###...
####.........# ##########...
#....#....# #............
#.........# #####.##<########


You could see a jelly and 2 endoplasms.


Message History

You scratch the kobold but do no damage.
The kobold hits you with a +0 club.
You closely miss the kobold. The kobold completely misses you.
You closely miss the kobold. The kobold hits you but does no damage.
You closely miss the kobold. The kobold hits you with a +0 club.
You are too injured to fight recklessly!
You are too injured to fight recklessly!
You are too injured to fight recklessly!
You are too injured to fight recklessly!
Unknown command.
You scratch the kobold but do no damage.
The kobold hits you with a +0 club.
You scratch the kobold.
You kill the kobold!
K - a +0 club {mace} You see here a kobold corpse.
Your magical contamination has completely faded away.
Unknown command.
You start resting.
Unknown command.
Unknown command.
You start resting.
You open the door.
A jelly and 3 endoplasms come into view.
The endoplasm quivers.
The endoplasm hits the fungus.
The fungus begins to die.
The jelly quivers.
Danger!
The blast of sand hits the endoplasm!
You kill the endoplasm!
An endoplasm comes into view.
Unknown command.
The blast of sand hits the endoplasm!
You kill the endoplasm!
The endoplasm quivers.
A jelly comes into view.
Unknown command.
The blast of sand hits the jelly!
A nearby fungus withers and dies.
Unknown command.
Casting: Sandblast (safe; 4% risk of failure)
Confirm with . or Enter, or press ? or * to list all spells.
Aiming: Sandblast (safe; 4% risk of failure)
Press: ? - help, Shift-Dir - straight line, f/p - jelly
Aim: a jelly (heavily wounded, 100% to hit)
The blast of sand hits the jelly!
The jelly hits you. The acid corrodes you!
You are splashed with acid!
Casting: Sandblast (safe; 4% risk of failure)
Confirm with . or Enter, or press ? or * to list all spells.
Aiming: Sandblast (safe; 4% risk of failure)
Press: ? - help, Shift-Dir - straight line, f/p - jelly
Aim: a jelly (almost dead, 100% to hit)
The blast of sand hits the jelly!
You kill the jelly!
You feel better. The endoplasm freezes you.
You are frozen.
You resist.
Your Conjurations skill increases to level 1!
Casting: Sandblast (safe; 4% risk of failure)
Confirm with . or Enter, or press ? or * to list all spells.
Okay, then.
Unknown command.
The endoplasm attacks as you move away! The endoplasm hits you.
You see here a kobold corpse.
There is an open door here.
Danger!
You close the door.
Unknown command.
You start resting.
You hear a slurping noise.
The jelly eats the door!
Danger!
Unknown command.
You scratch the jelly.
Your claws burn!
The jelly closely misses you.
The endoplasm jiggles.
You scratch the jelly but do no damage.
Your claws burn!
The jelly jiggles.
The jelly closely misses you.
Unknown command.
You completely miss the jelly. The jelly hits you.
You are splashed with acid!
* * * LOW HITPOINT WARNING * * *
You scratch the jelly. The acid corrodes you!
Your claws burn!
* * * LOW HITPOINT WARNING * * *
The jelly barely misses you.
Unknown command.
Unknown command.
Casting: Sandblast (safe; 4% risk of failure)
Confirm with . or Enter, or press ? or * to list all spells.
Aiming: Sandblast (safe; 4% risk of failure)
Press: ? - help, Shift-Dir - straight line, f - jelly
Aim: a jelly (lightly wounded, 100% to hit)
The blast of sand hits the jelly.
The jelly barely misses you.
Casting: Sandblast (safe; 4% risk of failure)
Confirm with . or Enter, or press ? or * to list all spells.
Aiming: Sandblast (safe; 4% risk of failure)
Press: ? - help, Shift-Dir - straight line, f/p - jelly
Aim: a jelly (moderately wounded, 100% to hit)
The blast of sand hits the jelly.
The jelly hits you.
* * * LOW HITPOINT WARNING * * *
You are splashed with acid!
You die...

Skill      XL: |  1  2  3  4 |
---------------+-------------+-----
Spellcasting   | 2 |  2.9
Earth Magic    | 4 |  4.3
Conjurations   | 1 |  1.1
Dodging        | |  1.7
Stealth        | |  2.1
Transmutations | |  0.8

Action                   |  1- 3 |  4- 6 || total
-------------------------+-------+-------++-------
Melee: Unarmed           |    43 |    19 ||    62
 Cast: Sandblast         |    54 |    11 ||    65
Armor: Robe              |    12 |     3 ||    15
Dodge: Dodged            |    43 |    23 ||    66

Levels and vault maps discovered:
D:1:      amcnicky_arrival_wind_blow, layout_basic,
          shapermc_ecumenical_altar_mp_vishouse
D:2:      cheibrodos_fertilizer, layout_basic, basic_altar, minmay_tromino_v4_b

Notes
Turn   | Place    | Note
-------+----------+-------------------------------------------
     0 | D:1      | Sobieck the Ghoul Earth Elementalist began the quest for
                  | the Orb.
     0 | D:1      | Reached XP level 1. HP: 14/14 MP: 2/2
    60 | D:1      | Reached skill level 2 in Spellcasting
    82 | D:1      | HP: 3/14 [jackal (3)]
   215 | D:1      | Reached XP level 2. HP: 20/20 MP: 2/4
   368 | D:1      | Reached skill level 4 in Earth Magic
   605 | D:1      | Reached XP level 3. HP: 26/26 MP: 3/5
  1016 | D:1      | Found a faded altar of an unknown god.
  1216 | D:2      | Learned a level 3 spell: Stone Arrow
  1247 | D:2      | Found an opulent altar of Gozag.
  1743 | D:2      | Reached XP level 4. HP: 31/33 MP: 4/7
  1754 | D:2      | HP: 7/33 [kobold/stone (2)]
  2032 | D:2      | Reached skill level 1 in Conjurations
  2046 | D:2      | HP: 8/33 [acid (10)]
  2047 | D:2      | HP: 3/33 [acid (5)]
  2049 | D:2      | Splashed by a jelly's acid

Vanquished Creatures
  A jelly (D:2)
  An adder (D:2)
  6 ball pythons (D:1)
  9 bats
  5 endoplasms
  A giant cockroach (D:1)
  3 goblins
  3 hobgoblins (D:1)
  3 jackals (D:1)
  A quokka (D:1)
  A frilled lizard (D:1)
  12 kobolds
  6 rats
52 creatures vanquished.

Vanquished Creatures (others)
  A fungus (D:2)
  5 toadstools (D:2)
6 creatures vanquished.

Grand Total: 58 creatures vanquished

Table legend:
 A = Non-vault XP
 B = Vault XP
 C = Vault XP percentage of total XP
 D = Non-vault monster count
 E = Vault monster count
 F = Vault count percentage of total count
                 A         B        C        D         E       F
            +---------+---------+-------+---------+---------+-------
      Total |      75 |      60 |  44.4 |      40 |      12 |  23.1
            +---------+---------+-------+---------+---------+-------
        D:1 |      42 |       0 |   0.0 |      27 |       0 |   0.0
        D:2 |      33 |      60 |  64.5 |      13 |      12 |  48.0
            +---------+---------+-------+---------+---------+-------

Illustrated notes

Table legend:
 A = Kills in this place as a percentage of kills in entire the game.
 B = Kills by you in this place as a percentage of kills by you in the entire game.
 C = Kills by friends in this place as a percentage of kills by friends in the entire game.
 D = Other kills in this place as a percentage of other kills in the entire game.
 E = Experience gained in this place as a percentage of experience gained in the entire game.
 F = Experience gained in this place divided by the number of levels of this place that you have seen.
                   A       B       C       D       E      F
               +-------+-------+-------+-------+-------+----------------------
         Total | 100.0 | 100.0 |   N/A |   N/A | 100.0 |  67.5
       Dungeon | 100.0 | 100.0 |   N/A |   N/A | 100.0 |  67.5
               +-------+-------+-------+-------+-------+----------------------

Table legend: (Time is in decaauts)
 A = Elapsed time spent in this place.
 B = Non-inter-level travel time spent in this place.
 C = Inter-level travel time spent in this place.
 D = Time resting spent in this place.
 E = Time spent auto-exploring this place.
 F = Levels seen in this place.
 G = Mean time per level.
                   A        B        C        D        E       F      G
               +--------+--------+--------+--------+--------+-----+--------+
         Total |   2081 |   2069 |     12 |    229 |   1502 |   2 | 1040.5 |
       Dungeon |   2081 |   2069 |     12 |    229 |   1502 |   2 | 1040.5 |
               +--------+--------+--------+--------+--------+-----+--------+

Top non-repeatable levels by time:
     D:1: 1207 daAuts
     D:2: 874 daAuts
